 Dungeon Crawl Stone Soup version 0.17-a0-764-gd40c196 (console) character file.

36 sose the Digger (level 3, -7/19 HPs)
             Began as a Gargoyle Earth Elementalist on Apr 23, 2015.
             Killed by divine providence
             ... invoked by an orc priest
              (14 damage)
             ... on level 3 of the Dungeon.
             The game lasted 00:02:30 (913 turns).

sose the Digger (Gargoyle Earth Elementalist)        Turns: 913, Time: 00:02:30

Health: -7/19      AC:  5    Str: 11    XL:     3   Next: 37%
Magic:  6/6        EV: 12    Int: 16    God:
Gold:   98         SH:  0    Dex: 10    Spells: 2 memorised, 3 levels left

rFire  . . .     SeeInvis .     b - +2 dagger (venom)
rCold  . . .     Clarity  .     e - +0 robe
rNeg   + . .     SustAb   .     (no shield)
rPois  ∞         Gourm    .     (no helmet)
rElec  +         Spirit   .     (no cloak)
rCorr  .         Warding  .     (no gloves)
rMut   .         Stasis   .     (no boots)
MR     .....                    (no amulet)
Stlth  ++........               (no ring)
                                (no ring)

@: not resistant to hostile enchantments, unstealthy
A: negative energy resistance 1, electricity resistance, unbreathing,
petrification resistance, rot immunity, AC +3
a: no special abilities


You were on level 3 of the Dungeon.
You were not hungry.

You visited 1 branch of the dungeon, and saw 3 of its levels.

You collected 98 gold pieces.

Inventory:

Hand weapons
 b - a +2 dagger of venom (weapon)
Missiles
 a - 75 stones (quivered)
Armour
 e - a +0 robe (worn)
Scrolls
 h - a scroll of recharging {unknown}
 k - 2 scrolls of remove curse {unknown}
Potions
 f - a potion of agility {unknown}
 i - a potion of heal wounds {unknown}
 l - 2 potions of restore abilities {unknown}
Books
 c - a book of Geomancy

   Spells                             Type                      Level
   a - Sandblast                      Earth                        1
   b - Stoneskin                      Transmutation/Earth          2
   c - Passwall                       Transmutation/Earth          3
   d - Stone Arrow                    Conjuration/Earth            3
   e - Petrify                        Transmutation/Earth          4
   f - Lee's Rapid Deconstruction     Earth                        5
Comestibles
 d - a bread ration
 g - 2 meat rations
 j - a fruit
 m - a slice of pizza
 n - a chunk of flesh


   Skills:
 - Level 1.5 Dodging
 - Level 2.1 Stealth
 - Level 2.0 Spellcasting
 - Level 0.7 Transmutations
 + Level 5.2 Earth Magic


You had 3 spell levels left.
You knew the following spells:

 Your Spells              Type           Power        Failure   Level  Hunger
a - Sandblast             Erth           ###...       2%          1    #......
b - Stoneskin             Trmt/Erth      ##......     10%         2    ###....


Dungeon Overview and Level Annotations

Branches:
Dungeon (3/15)

Altars:

Annotations:
D:2 Robin


Innate Abilities, Weirdness & Mutations

You are resistant to torment.
Your stone body is resilient (AC +3).
You are immune to poison.
You resist negative energy.
You are resistant to electric shocks.
You can survive without breathing.
You are immune to petrification.
You are immune to rotting.


Message History

You hit the goblin.
You kill the goblin!
a - 75 stones (gained 23)
Things that are here:
a hunting sling; a goblin skeleton
Things that are here:
a hunting sling; a goblin skeleton An orc priest comes into view.
An orc wizard comes into view. It is wielding a dagger.
The orc priest shouts!
The orc priest invokes the aid of Beogh against you.
Something smites you!
Ouch! That really hurt!
An orc comes into view. It is wielding a flail.
An orc comes into view. It is wielding a falchion.
The orc wizard shouts!
The orc priest calls down the wrath of Beogh upon you.
Something smites you!
Ouch! That really hurt!
You die...

#o# #.# #.#
#.#
#o###.#####
#o##......#
#.#######.#
#.# #.# #.#
#.#
#.#######.##
#.@........#
############


You could see an orc priest, an orc wizard and an orc (wandering).

Vanquished Creatures
  An adder (D:2)
  2 oozes (D:1)
  4 bats (D:1)
  3 goblins
  2 hobgoblins (D:1)
  A ball python (D:2)
  2 giant cockroaches (D:1)
  2 giant newts (D:1)
  3 kobolds (D:1)
  2 rats (D:1)
22 creatures vanquished.

Notes
Turn   | Place    | Note
--------------------------------------------------------------
     0 | D:1      | sose, the Gargoyle Earth Elementalist, began the quest for the Orb.
     0 | D:1      | Reached XP level 1. HP: 10/10 MP: 3/3
    20 | D:1      | Reached skill level 4 in Earth Magic
   121 | D:1      | Reached XP level 2. HP: 15/15 MP: 5/5
   142 | D:1      | Learned a level 2 spell: Stoneskin
   566 | D:1      | Reached skill level 5 in Earth Magic
   566 | D:1      | Reached XP level 3. HP: 19/19 MP: 6/6
   791 | D:2      | Noticed Robin
   913 | D:3      | Killed from afar by an orc priest

Action                   || total
-------------------------++-------
Melee: Unarmed           ||     3
       Dagger            ||    54
 Cast: Sandblast         ||     6
 Stab: Sleeping          ||     2
